 Dungeon Crawl Stone Soup version 0.30.1-4-g462c640d31 (webtiles) character file.

Game seed: 1355949694115583181

205 rakiston the Sneak (level 5, 0/25 HPs)
             Began as a Spriggan Enchanter on Aug 12, 2023.
             Splashed by a jelly's acid (8 damage)
             ... on level 4 of the Dungeon on Aug 16, 2023.
             The game lasted 00:27:51 (2602 turns).

rakiston the Sneak (Spriggan Enchanter)             Turns: 2602, Time: 00:27:52

Health: 0/25       AC: -1    Str:  4    XL:     5   Next: 52%
Magic:  6/10       EV: 22    Int: 16    God:
Gold:   126        SH:  0    Dex: 18    Spells: 5/10 levels left

rFire   . . .        a - +1 dagger
rCold   . . .        (no shield)
rNeg    . . .        b - +0 robe
rPois   .            (helmet restricted)
rElec   .            j - +0 cloak
rCorr   .            (gloves unavailable)
SInv    +            (boots unavailable)
Will    .....        (no amulet)
Stlth   +++          l - +5 ring of evasion
HPRegen 0.24/turn    (no ring)
MPRegen 0.12/turn

%: no passive effects
@: corroded, very quick
A: very small, no large weapons, unfitting armour, see invisible, speed 3
a: no special abilities


You were on level 4 of the Dungeon.
You visited 1 branch of the dungeon, and saw 4 of its levels.

You collected 126 gold pieces.

Inventory:

Hand Weapons
 a - a +1 dagger (weapon)
Armour
 b - a +0 robe (worn)
 j - a +0 cloak (worn)
Jewellery
 l - a +5 ring of evasion (left hand)
Scrolls
 h - a scroll of immolation {unknown}
 i - a scroll of blinking {unknown}
 k - a scroll of fog {unknown}
 q - a scroll of identify {unknown}
Potions
 c - 2 potions of invisibility
 d - 5 potions of curing
 e - a potion of might {unknown}
 f - a potion of flight
 g - a potion of brilliance
 m - a potion of berserk rage
 n - a potion of attraction {unknown}
 o - a potion of magic {unknown}
 p - a potion of resistance {unknown}


   Skills:
 - Level 0.4 Fighting
 + Level 3.6 Short Blades
 - Level 2.6 Dodging
 + Level 6.3 Stealth
 - Level 3.0 Spellcasting
 - Level 5.0 Hexes
 - Level 0.2 Ice Magic


You had 5 spell levels left.
You knew the following spells:

 Your Spells              Type           Power      Damage    Failure   Level
a - Confusing Touch       Hex            18%        N/A       7%          3
b - Ensorcelled Hibernat  Hex/Ice        20%        N/A       10%         2

Your spell library contained the following spells:

 Spells                   Type           Power      Damage    Failure   Level
 Tukima's Dance           Hex            18%        N/A       7%          3
 Dazzling Flash           Conj/Hex       20%        N/A       21%         3


Dungeon Overview and Level Annotations

Branches:
Dungeon (4/15)
 Temple: D:4-7

Altars:


Innate Abilities, Weirdness & Mutations

You are very small and have problems with some larger weapons.
You are too small for most types of armour.
You have supernaturally acute eyesight. (SInv)
You cover ground extremely quickly. (Speed+++)


Message History

Found 13 gold pieces.
A goblin comes into view. It is wielding a +0 dagger.
The goblin shouts!
You hit the goblin.
The goblin is severely wounded.
The goblin barely misses you.
You barely miss the goblin.
The goblin is severely wounded.
You hit the goblin.
You kill the goblin!
You now have 126 gold pieces (gained 29).
Things that are here:
a +0 dagger; a goblin corpse A ball python comes into view.
The helpless ball python fails to defend itself.
You skewer the ball python like a kebab!!!
You kill the ball python!
You see here a ball python corpse.
A jelly comes into view.
The jelly quivers.
Found a glowing dagger.
Casting: Ensorcelled Hibernation (safe; 10% risk of failure)
Confirm with . or Enter, or press ? or * to list all spells.
Aiming: Ensorcelled Hibernation (safe; 10% risk of failure)
Press: ? - help, Shift-Dir - straight line, f - jelly
Aim: a jelly (chance to affect: 52%)
The jelly resists with significant effort.
Casting: Ensorcelled Hibernation (safe; 10% risk of failure)
Confirm with . or Enter, or press ? or * to list all spells.
Aiming: Ensorcelled Hibernation (safe; 10% risk of failure)
Press: ? - help, Shift-Dir - straight line, f/p - jelly
Aim: a jelly (chance to affect: 52%)
The jelly resists with significant effort.
The jelly hits you. The acid corrodes you!
You are splashed with acid.
You hit the jelly but do no damage.
Your hands burn!
The jelly completely misses you.
You hit the jelly.
Your hands burn!
The jelly is moderately wounded.
The jelly hits you.
You are splashed with acid!
You die...

###############
#......#.@J...#
##.####.#.####)# ##
#...#...#†..# .#
#.###.#####.#
.######.# #.......#
......#.###.#####.#
<.....#...#.. ..#
.##.....).###. .###
.#............#.


You could see a jelly.

Vanquished Creatures
  A scorpion (D:3)
  8 adders
  A worm (D:2)
  A dart slug (D:2)
  An orc (D:3)
  9 ball pythons
  6 bats
  2 endoplasms
  A giant cockroach (D:3)
  8 goblins
  11 hobgoblins
  3 quokkas
  A frilled lizard (D:1)
  9 kobolds
  4 rats
66 creatures vanquished.

Notes
Turn   | Place    | Note
-------+----------+-------------------------------------------
     0 | D:1      | rakiston the Spriggan Enchanter began the quest for the
                  | Orb.
     0 | D:1      | Reached XP level 1. HP: 9/9 MP: 5/5
   279 | D:1      | Reached XP level 2. HP: 13/13 MP: 7/7
   668 | D:1      | Reached XP level 3. HP: 17/17 MP: 8/8
  1068 | D:1      | Learned a level 3 spell: Confusing Touch
  1071 | D:1      | Learned a level 2 spell: Ensorcelled Hibernation
  1418 | D:2      | Reached XP level 4. HP: 10/21 MP: 4/9
  1985 | D:3      | Reached skill level 5 in Hexes
  2156 | D:3      | Noticed a scorpion
  2221 | D:3      | Killed a scorpion
  2222 | D:3      | Reached skill level 5 in Stealth
  2222 | D:3      | Reached XP level 5. HP: 25/25 MP: 10/10
  2412 | D:4      | Reached skill level 6 in Stealth
  2602 | D:4      | Splashed by a jelly's acid

Illustrated notes

Levels and vault maps discovered:
D:1:      shiori_arrival_oz, layout_basic, kennysheep_boxes
D:2:      layout_rooms, chequers_serial_rivers_small_3
D:3:      layout_loops_cross
D:4:      layout_basic, grunt_temple_overflow_magic_moments,
          minmay_misc_feat_ornament

Skill      XL: |  1  2  3  4  5 |
---------------+----------------+-----
Spellcasting   | 3 |  3.0
Hexes          | 4 5 |  5.0
Short Blades   | 2 3 |  3.6
Stealth        | 5 6 |  6.3
Fighting       | |  0.4
Dodging        | |  2.6
Ice Magic      | |  0.2

Action                     |  1- 3 |  4- 6 || total
---------------------------+-------+-------++-------
  Melee: Dagger            |   145 |    55 ||   200
         Punch             |     1 |     1 ||     2
   Cast: Ensorcelled Hiber |    11 |    16 ||    27
    Use: Potion            |       |     4 ||     4
   Stab: Sleeping          |    17 |    19 ||    36
 Armour: Robe              |    14 |     3 ||    17
  Dodge: Dodged            |    84 |    26 ||   110
